 Dungeon Crawl Stone Soup version 0.17-a0-688-g21a41e9 (webtiles) character file.

21305 Chiseanne the Unseen (level 12, -2/53 HPs)
             Began as a Spriggan Assassin on Apr 19, 2015.
             Was a High Priest of Dithmenos.
             Slain by an orc warlord
             ... wielding a +3 dire flail of crushing
              (35 damage)
             ... on level 3 of the Orcish Mines.
             The game lasted 01:11:31 (19354 turns).

Chiseanne the Unseen (Spriggan Assassin)           Turns: 19354, Time: 01:11:31

Health: -2/53      AC: 12    Str:  7    XL:     12   Next: 53%
Magic:  13/13      EV: 28    Int: 17    God:    Dithmenos [*****.]
Gold:   1216       SH:  6    Dex: 22    Spells: 0 memorised, 11 levels left

rFire  . . .     SeeInvis +     w - +0 blowgun
rCold  . . .     Clarity  +     f - +2 swamp dragon armour
rNeg   . . .     SustAb   .     T - +0 buckler
rPois  +         Gourm    .     H - +0 hat
rElec  .         Spirit   .     M - +1 cloak
rCorr  .         Warding  .     (gloves unavailable)
rMut   .         Stasis   .     (boots unavailable)
MR     ++...                    k - amulet of clarity
Stlth  ++++++++++               (no ring)
                                O - +4 ring of intelligence

@: wreathed by umbra, very quick, very resistant to hostile enchantments,
uncannily stealthy
A: unfitting armour, see invisible, herbivore 3, speed 3, slow metabolism 2
a: Shadow Step, Shadow Form, Renounce Religion


You were on level 3 of the Orcish Mines.
You worshipped Dithmenos.
Dithmenos was extremely pleased with you.
You were full.

You visited 4 branches of the dungeon, and saw 18 of its levels.

You collected 1559 gold pieces.
You spent 343 gold pieces at shops.

Inventory:

Hand weapons
 a - a +3 dagger of speed
 d - a +0 dagger of draining
 i - a +1 flail of holy wrath
 s - a +1 dagger of venom
 w - a +0 blowgun (weapon)
 U - a +0 rapier
 V - a +0 dagger of electrocution
Missiles
 e - 19 poisoned needles (quivered)
 h - 141 sling bullets
 m - 21 tomahawks
 q - 82 bolts
 t - 17 sling bullets of frost
 y - 7 needles of confusion
 z - a curare-tipped needle
 G - 2 throwing nets
 I - 7 tomahawks of returning
Armour
 f - a +2 swamp dragon armour (worn)
 H - a +0 hat (worn)
 J - a troll hide
 M - a +1 cloak (worn)
 T - a +0 buckler (worn)
Jewellery
 k - an amulet of clarity (around neck)
 O - a +4 ring of intelligence (left hand)
Magical devices
 P - a wand of draining (8)
 Q - a wand of digging (6)
Scrolls
 b - 2 scrolls of amnesia
 j - 8 scrolls of teleportation
 n - a scroll of magic mapping
 x - 3 scrolls of fog
 C - a scroll of blinking
 E - 4 scrolls of recharging
 F - 3 scrolls of identify
 K - 2 scrolls of fear
 N - 2 scrolls of remove curse
Potions
 c - a potion of cure mutation
 l - 3 potions of might
 o - 6 potions of heal wounds
 p - 2 potions of flight
 r - 3 potions of cancellation
 u - 8 potions of curing
 v - 3 potions of brilliance
 A - 2 potions of agility
 B - 2 potions of magic
 D - a potion of resistance
 L - 3 potions of haste
 R - a potion of lignification
 S - a potion of invisibility
Comestibles
 g - 7 bread rations


   Skills:
 - Level 1.5 Fighting
 * Level 10.1 Short Blades
 - Level 2.1 Throwing
 - Level 5.4 Armour
 * Level 16.2 Dodging
 * Level 18.9 Stealth


You had 11 spell levels left.
You didn't know any spells.

Dungeon Overview and Level Annotations

Branches:
Dungeon (13/15)            Temple (1/1) D:6            Lair (1/8) D:10
    Orc (3/4) D:11
    Elf: Orc:3-4     Vaults: D:13-14

Altars:
Cheibriados
Dithmenos
Elyvilon
Fedhas
Gozag
Kikubaaqudgha
Makhleb
Okawaru
Qazlal
Ru
Sif Muna
Trog
Vehumet
Xom
Yredelemnul
Zin
The Shining One

Shops:
D:5 *   D:7 !   D:8 (   D:9 [   Orc:2 (

Annotations:
D:4 Virusyak's ghost, experienced OpBe
D:6 Grinder
D:8 Kisielow's ghost, experienced DEIE
D:11 kaze's ghost, powerful TeAE


Innate Abilities, Weirdness & Mutations

You are tiny and cannot use many weapons and most armour.
You have supernaturally acute eyesight.
You are a herbivore.
You cover ground extremely quickly.
You need consume almost no food.


Message History

You shoot a poisoned needle. The orc warlord shouts!
The poisoned needle hits the orc warlord!
The orc warlord is poisoned.
Firing (i - inventory. (,) - cycle):
e - 21 poisoned needles (quivered)
Press: ? - help, Shift-Dir - straight line, f/p - orc warlord
Aim: an orc warlord, wielding a dire flail of crushing and wearing a chain mail (poisoned, umbra)
You shoot a poisoned needle.
The poisoned needle closely misses the orc warlord.
Firing (i - inventory. (,) - cycle):
e - 20 poisoned needles (quivered)
Press: ? - help, Shift-Dir - straight line, f/p - orc warlord
Aim: an orc warlord, wielding a dire flail of crushing and wearing a chain mail (lightly wounded, poisoned, umbra)
You shoot a poisoned needle.
The poisoned needle hits the orc warlord!
The orc warlord looks even sicker.
The orc warlord is lightly wounded.
The orc warlord closely misses you.
The orc warlord hits you with a dire flail of crushing!!
Ouch! That really hurt!
You die...

#...........#...[........#.......
............#....)..##).)..(...##
#........#.###....####..≈≈≈≈..##
##......#### ##.(.# #..≈≈≈≈..#
##.....# #...# #...≈≈≈)###
####### ###...## #.)≈≈≈≈...# #
##[#....# ##...)...## .#.#
###....<..## ###..)### ....#
#.....)@)..# ###[..#
......##......o#### ##.)#
...[............# ###### #).###
...(..(.(.(....####....###..#..
...[.(.(.......###3....4.4...##
.....#.#.......(..............#
.!##)#####.............#...... ##
#............##......
###.(.....#.####..#..


You could see an orc warlord.

Vanquished Creatures
  Gastronok (D:9)
  A hydra (D:12)
  An orc high priest (Orc:3)
  2 unseen horrors
  A deep elf conjurer (Orc:3)
  A hill giant (D:11)
  A cyclops (D:10)
  Maurice (D:9)
  3 spiny frogs (Lair:1)
  An efreet (D:10)
  2 komodo dragons
  A merfolk (D:9)
  A deep elf priest (Orc:3)
  6 trolls
  Prince Ribbit (D:9)
  3 two-headed ogres (D:10)
  3 slime creatures (D:12)
  A boulder beetle (D:8)
  2 trapdoor spiders
  A wraith (D:12)
  A hungry ghost (D:11)
  A wyvern (D:9)
  15 yaks
  2 deep elf fighters (Orc:3)
  A deep elf mage (Orc:3)
  2 hippogriffs
  5 porcupines (Lair:1)
  2 wolves (D:10)
  2 water moccasins (Lair:1)
  A soldier ant (D:12)
  8 orc warriors
  2 black bears
  A necrophage (D:9)
  11 ogres
  5 sky beasts
  2 ice beasts
  3 centaurs
  2 crocodiles
  11 giant frogs
  A gnoll sergeant (D:10)
  4 scorpions
  3 electric eels (D:10)
  A centaur zombie (D:11)
  3 crimson imps
  A giant frog zombie (D:6)
  A giant frog skeleton (D:5)
  14 orc wizards
  Crazy Yiuf (D:6)
  12 orc priests
  2 centaur skeletons
  15 hounds
  2 quasits
  5 worker ants
  7 iguanas
  2 sheep (D:8)
  A worker ant zombie (D:8)
  4 gnolls
  6 river rats (Lair:1)
  9 adders
  6 shadow imps
  An orc zombie (D:6)
  2 worms
  3 giant geckos
  102 orcs
  14 bats
  2 giant cockroaches
  23 hobgoblins
  A jackal (D:5)
  3 quokkas
  A ball python (D:2)
  A giant gecko zombie (D:5)
  3 giant newts
  A giant spore (D:11)
  22 goblins
  12 kobolds
  2 orc skeletons (D:6)
  A quokka zombie (D:9)
  18 rats
  5 ballistomycetes (D:11)
428 creatures vanquished.

Vanquished Creatures (others)
  An orc (Orc:3)
  A goblin (Orc:3)
2 creatures vanquished.

Grand Total: 430 creatures vanquished

Notes
Turn   | Place    | Note
--------------------------------------------------------------
     0 | D:1      | Chiseanne, the Spriggan Assassin, began the quest for the Orb.
     0 | D:1      | Reached XP level 1. HP: 10/10 MP: 2/2
    23 | D:1      | Reached skill level 6 in Stealth
   359 | D:1      | Reached XP level 2. HP: 12/14 MP: 3/3
   673 | D:2      | Reached skill level 7 in Stealth
   877 | D:2      | Reached XP level 3. HP: 18/18 MP: 4/4
  1537 | D:3      | You fall through a shaft for 3 floors!
  1537 | D:6      | Found a staircase to the Ecumenical Temple.
  1538 | D:6      | Reached skill level 8 in Stealth
  1538 | D:6      | Reached XP level 4. HP: 22/22 MP: 5/5
  1549 | Temple   | Entered the Ecumenical Temple
  1595 | Temple   | Became a worshipper of Dithmenos the Shadowed
  1940 | D:5      | Entered Level 5 of the Dungeon
  1940 | D:5      | Noticed a centaur
  2179 | D:5      | Killed a centaur
  2179 | D:5      | Reached XP level 5. HP: 21/25 MP: 6/6
  2347 | D:5      | Reached skill level 9 in Stealth
  2408 | D:5      | Found Ehecsu's General Store.
  2417 | D:5      | Bought a scroll of fog for 24 gold pieces
  2417 | D:5      | Bought 4 fruits for 72 gold pieces
  2449 | D:4      | Noticed Virusyak's ghost (experienced OpBe)
  2627 | D:3      | Reached skill level 1 in Armour
  2950 | D:3      | Reached XP level 6. HP: 28/30 MP: 7/7
  3163 | D:4      | Noticed an ogre
  3171 | D:4      | Killed an ogre
  4080 | D:5      | Noticed an ogre
  4105 | D:5      | Killed an ogre
  4105 | D:5      | Reached skill level 5 in Dodging
  4105 | D:5      | Reached XP level 7. HP: 33/33 MP: 8/8
  4309 | D:5      | Noticed an unseen horror
  4314 | D:5      | Killed an unseen horror
  4314 | D:5      | Reached skill level 10 in Stealth
  4314 | D:5      | Reached XP level 8. HP: 31/37 MP: 9/9
  5220 | D:6      | Acquired Dithmenos's first power
  5258 | D:6      | Noticed Crazy Yiuf
  5264 | D:6      | Killed Crazy Yiuf
  5436 | D:6      | Noticed a sky beast
  5452 | D:6      | Killed a sky beast
  5523 | D:6      | Noticed Grinder
  5821 | D:6      | Noticed a giant frog
  5831 | D:6      | Killed a giant frog
  5831 | D:6      | Reached skill level 11 in Stealth
  6105 | D:7      | Reached skill level 5 in Short Blades
  6432 | D:7      | Found a stormy altar of Qazlal.
  6492 | D:7      | Reached XP level 9. HP: 24/41 MP: 10/10
  7022 | D:7      | Acquired Dithmenos's second power
  7051 | D:7      | Found Bikad's Distillery.
  7060 | D:7      | Bought 2 potions of heal wounds for 130 gold pieces
  7060 | D:7      | Bought a potion of might for 52 gold pieces
  7060 | D:7      | Bought a potion of poison for 13 gold pieces
  7060 | D:7      | Bought a potion of might for 52 gold pieces
  7361 | D:8      | Reached skill level 12 in Stealth
  7492 | D:8      | Found Dyesmide's Weapon Shoppe.
  7625 | D:8      | Reached skill level 10 in Dodging
  7806 | D:8      | Noticed a cyclops
  7854 | D:8      | Noticed Kisielow's ghost (experienced DEIE)
  8493 | D:9      | Noticed Maurice
  8527 | D:9      | Found Nyph's Armour Shop.
  8587 | D:9      | Killed Maurice
  8587 | D:9      | Reached skill level 13 in Stealth
  8678 | D:9      | Noticed Gastronok
  8733 | D:9      | Killed Gastronok
  8733 | D:9      | Reached skill level 14 in Stealth
  8733 | D:9      | Reached XP level 10. HP: 8/46 MP: 11/11
  9265 | D:9      | Noticed Prince Ribbit
  9293 | D:9      | Killed Prince Ribbit
  9293 | D:9      | Reached skill level 5 in Armour
  9293 | D:9      | Reached skill level 15 in Stealth
 10395 | D:10     | Entered Level 10 of the Dungeon
 10535 | D:10     | Killed a cyclops
 10535 | D:10     | Acquired Dithmenos's third power
 10563 | D:10     | Reached XP level 11. HP: 31/49 MP: 12/12
 11030 | D:10     | Reached skill level 16 in Stealth
 11592 | D:10     | Found a staircase to the Lair.
 12315 | Lair:1   | Entered Level 1 of the Lair of Beasts
 12905 | Lair:1   | Reached skill level 17 in Stealth
 13163 | D:11     | Found a staircase to the Orcish Mines.
 13369 | D:11     | Noticed kaze's ghost (powerful TeAE)
 14229 | D:11     | Noticed a hill giant
 14260 | D:11     | Killed a hill giant
 14530 | D:11     | Reached skill level 15 in Dodging
 14546 | D:11     | Acquired Dithmenos's fourth power
 14800 | D:11     | Noticed an unseen horror
 14852 | D:11     | Killed an unseen horror
 14997 | D:12     | Reached XP level 12. HP: 53/53 MP: 13/13
 15180 | D:12     | Noticed a seven-headed hydra
 15184 | D:12     | Killed a seven-headed hydra
 15184 | D:12     | Reached skill level 18 in Stealth
 16198 | D:13     | Noticed a vault guard
 16263 | Orc:1    | Entered Level 1 of the Orcish Mines
 16402 | Orc:2    | Found Ariukk's Antique Weapon Emporium.
 17352 | Orc:1    | You fall through a shaft!
 18142 | Orc:3    | Noticed an orc warlord
 18186 | Orc:3    | Reached skill level 10 in Short Blades
 19354 | Orc:3    | Slain by an orc warlord

Action                   |  1- 3 |  4- 6 |  7- 9 | 10-12 || total
-------------------------+-------+-------+-------+-------++-------
Melee: Dagger            |    82 |   123 |   491 |  1531 ||  2227
       Unarmed           |       |       |    22 |       ||    22
       Flail             |       |       |       |    13 ||    13
 Fire: Blowgun           |       |    22 |   107 |   239 ||   368
Throw: Tomahawk          |       |       |     5 |       ||     5
Evoke: Wand              |       |       |       |     3 ||     3
  Use: Scroll            |    13 |     5 |     5 |     5 ||    28
       Potion            |       |       |       |     2 ||     2
 Stab: Sleeping          |    13 |     5 |    27 |    68 ||   113
       Distracted        |       |       |     2 |    10 ||    12
  Eat: Fruit             |       |     4 |       |       ||     4
       Pizza             |       |     2 |       |     3 ||     5
       Royal jelly       |       |       |       |     4 ||     4
       Bread ration      |       |       |       |     1 ||     1
